Map: Blueshift LE

Players

Lambo - Winner!

  • Race: Zerg Zerg
  • League: Grandmaster
  • Spawn Location: 1:00

MarineLorD

  • Race: Terran Terran
  • League: Grandmaster
  • Spawn Location: 7:00

VOD

Have the link to the VOD?

Description

Time

  • Played on: Dec. 27, 2018, 3:04 p.m.
  • Length: 6:38
Show
View Real Time Build Order
Export as new Build Order

Lambo Zerg - Winner!

Build Orders: Hatch First 

Get SALT Encoding   

  12  0:01  Drone  
  13  0:13  Overlord  
  13  0:17  Drone  
  14  0:31  Drone x2  
  16  0:48  Hatchery  
  15  0:51  Drone  
  15  0:55  Drone  
  17  0:58  Drone  
  18  1:09  Extractor  
  17  1:13  Spawning Pool  
  17  1:16  Drone  
  17  1:19  Drone  
  18  1:29  Drone  
  19  1:40  Drone  
  20  1:55  Overlord  
  20  2:00  Queen x2  
  24  2:01  Zergling x4  
  26  2:09  Metabolic Boost  
  26  2:11  Drone  
  26  2:12  Drone  
  28  2:21  Drone  
  29  2:27  Drone  
  29  2:33  Drone  
  30  2:40  Hatchery  
  29  2:45  Drone  
  29  2:49  Pneumatized Carapace  
  29  2:51  Drone  
  31  2:53  Overlord  
  31  2:59  Drone  
  31  3:00  Drone  
  33  3:06  Drone  
  33  3:12  Drone x2  
  36  3:13  Drone x2  
  38  3:20  Queen  
  38  3:21  Overlord  
  38  3:24  Drone  
  41  3:30  Drone  
  41  3:34  Drone  
  43  3:38  Queen  
  45  3:42  Drone x3  
  45  3:44  Drone  
  45  3:45  Evolution Chamber, Drone  
  45  3:48  Drone  
  50  3:54  Drone  
  51  3:56  Queen  
  51  3:58  Overlord  
  51  4:01  Queen  
  55  4:03  Drone  
  55  4:05  Drone  
  57  4:13  Zerg Ground Armor Level 1  
  57  4:17  Overlord  
  57  4:20  Drone  
  57  4:21  Zergling x2  
  57  4:22  Zergling x8  
  63  4:24  Overlord  
  63  4:26  Overlord  
  63  4:30  Overlord  
  63  4:39  Drone x2  
  63  4:40  Spore Crawler  
  63  4:41  Spore Crawler  
  63  4:42  Spore Crawler, Drone  
  63  4:43  Lair  
  63  4:45  Queen  
  65  4:49  Zergling x2, Drone x2  
  68  4:59  Zergling x12  
  73  5:05  Drone x2  
  75  5:10  Baneling Nest  
  75  5:13  Extractor x2  
  72  5:18  Drone x6  
  78  5:22  Queen  
  78  5:24  Overlord  
  78  5:25  Drone  
  81  5:32  Zergling x6  
  84  5:41  Zergling x8  
  84  5:42  Zergling x2  
  89  5:45  Evolution Chamber  
  88  5:52  Zergling x14  
  95  6:00  Overlord  
  95  6:02  Drone x2  
  97  6:05  Drone  
  97  6:08  Drone  
  97  6:09  Drone  
  97  6:24  Drone  
  97  6:35  Roach Warren  
Show
View Real Time Build Order
Export as new Build Order

MarineLorD Terran 

Build Orders: Reaper Expand 

Get SALT Encoding   

  12  0:00  SCV  
  13  0:12  SCV  
  14  0:17  Supply Depot  
  14  0:24  SCV  
  15  0:38  SCV  
  15  0:39  Barracks  
  16  0:42  Refinery  
  16  0:50  SCV  
  17  1:02  SCV  
  18  1:14  SCV  
  19  1:26  Reaper, Orbital Command  
  20  1:39  Command Center  
  20  1:49  Supply Depot  
  20  1:52  SCV  
  21  1:58  Marine  
  22  2:02  Factory  
  22  2:05  SCV  
  23  2:18  SCV  
  23  2:19  Barracks Reactor  
  24  2:34  SCV  
  25  2:37  Command Center  
  25  2:40  Refinery  
  25  2:47  SCV  
  28  2:54  Orbital Command  
  26  2:59  SCV  
  26  3:00  Marine x2  
  29  3:09  Starport  
  29  3:11  SCV  
  30  3:18  Marine x2  
  32  3:20  SCV  
  32  3:22  Factory Tech Lab  
  32  3:23  SCV  
  34  3:32  SCV  
  35  3:35  Marine, SCV  
  35  3:36  Marine  
  38  3:45  SCV  
  38  3:46  Starport Tech Lab  
  38  3:48  Fusion Core, SCV  
  40  3:55  Orbital Command  
  40  4:00  SCV  
  41  4:03  SCV  
  42  4:12  SCV  
  42  4:15  Refinery, SCV  
  42  4:16  Refinery  
  43  4:19  Hellion x2  
  43  4:24  SCV  
  48  4:25  Bunker  
  48  4:26  SCV, Supply Depot  
  48  4:27  SCV  
  50  4:36  SCV  
  51  4:40  Hellion x2  
  51  4:43  SCV  
  51  4:45  SCV  
  57  4:48  Battlecruiser  
  57  4:51  Supply Depot  
  63  4:53  SCV  
  63  4:56  SCV, Supply Depot  
  63  4:59  SCV  
  66  5:01  Hellion  
  66  5:06  SCV  
  69  5:11  Barracks Tech Lab  
  69  5:12  SCV  
  69  5:13  Hellion  
  72  5:19  SCV  
  72  5:20  Factory  
  72  5:21  Orbital Command  
  73  5:22  Weapon Refit, Factory  
  73  5:33  SCV  
  74  5:38  Supply Depot  
  74  5:41  SCV  
  74  5:42  Hellion x2  
  79  5:45  Refinery  
  79  5:46  Armory, SCV  
  79  5:47  Armory  
  80  5:51  SCV  
  80  5:52  Refinery  
  80  5:53  SCV  
  82  5:59  SCV  
  82  6:03  SCV  
  82  6:04  Hellion x2  
  88  6:10  SCV  
  90  6:13  SCV  
  91  6:20  SCV  
  91  6:22  Supply Depot  
  91  6:23  Supply Depot  
  73  6:36  Factory x2  
Tags
 
Add a new tag
Caveats
  • Supply blocks, unpowered buildings, or Contaminate may cause inaccurate times.
  • Supply counts are checked every 10 seconds.